Map: Sanctuary III LE

Players

fred - Winner!

  • Race: Zerg Zerg
  • League: Platinum

kent

  • Race: Zerg Zerg
  • League: Diamond

VOD

Have the link to the VOD?

Description

It’s a comeback after a taunt that backfired, and neither of us plays it anything close to standard:

The dance that cost him the game. At 5:25 his Roaches have killed my entire mineral line and he can finish me. Instead he does /dance.
I counterattack and wipe all 48 of his drones in under a minute. He’s at zero workers and still doesn’t die.
A first base trade against his Mutas.
I then make so many Zerglings that I mine out two whole bases and have to stop.
Infestors and spines vs Hydras. In ZvZ. He sits behind 41 Spine Crawlers.
A Brood Lord finish… into ANOTHER base trade. I win by killing every single building with Zerglings and Roaches, while he still has Brood Lords and Corruptors alive that I can barely attack.
Shit-talking all game: “i’m the best ever”, “i m so strong for you”, and a lot of “aahahahaha”.

Time

  • Played on: Nov. 4, 2026, 7:13 a.m.
  • Length: 37:21
Show
View Real Time Build Order
Export as new Build Order

fred Zerg - Winner!

Build Orders: Hatch First 

Get SALT Encoding   

  12  0:00  Drone  
  13  0:08  Drone  
  14  0:21  Overlord  
  14  0:39  Drone x3  
  17  0:50  Drone  
  17  0:56  Hatchery  
  17  1:01  Drone  
  18  1:11  Drone  
  19  1:18  Spawning Pool  
  19  1:22  Drone  
  19  1:25  Extractor  
  18  1:36  Drone  
  19  1:45  Overlord  
  19  1:57  Drone  
  20  2:06  Queen  
  20  2:07  Zergling x2  
  23  2:10  Zergling x2  
  23  2:11  Queen  
  26  2:18  Roach Warren  
  26  2:22  Drone  
  26  2:24  Drone  
  27  2:35  Drone x2  
  29  2:51  Drone x3  
  29  2:54  Extractor  
  30  3:00  Lair  
  30  3:04  Drone x3  
  33  3:15  Overlord x2  
  33  3:33  Drone x3  
  33  3:34  Drone x3  
  39  3:41  Overlord  
  39  3:55  Roach x2  
  43  4:02  Glial Reconstitution  
  43  4:05  Drone x2  
  45  4:13  Drone x2  
  45  4:14  Drone x2  
  49  4:22  Extractor  
  49  4:23  Drone x2, Extractor  
  49  4:24  Drone  
  50  4:25  Drone x2  
  52  4:37  Overlord x2  
  51  4:55  Roach x6  
  51  4:56  Roach  
  48  5:07  Zergling x2  
  48  5:08  Zergling x4  
  47  5:21  Roach x5  
  49  5:28  Zergling x2  
  43  5:41  Zergling x2, Roach x2  
  42  5:59  Queen x2  
  46  6:08  Drone x4  
  50  6:13  Drone x2  
  50  6:14  Hatchery  
  51  6:24  Drone x2  
  53  6:32  Drone  
  54  6:38  Drone  
  55  6:45  Drone x2  
  57  6:53  Queen  
  59  6:55  Drone x2  
  61  7:05  Drone x2  
  63  7:16  Spore Crawler  
  63  7:18  Spore Crawler  
  60  7:23  Roach  
  60  7:24  Roach x2  
  60  7:26  Overlord x4  
  66  7:40  Roach x3  
  72  7:52  Roach  
  72  7:53  Roach x4  
  82  8:05  Roach x4  
  90  8:06  Roach x6  
  102  8:19  Zergling x2  
  105  8:20  Roach  
  105  8:23  Overlord x2  
  105  8:34  Overlord x3  
  105  8:45  Roach x8  
  119  8:52  Roach  
  119  8:53  Roach x3  
  106  9:19  Roach  
  106  9:20  Roach x8  
  99  9:31  Roach  
  99  9:32  Roach x3  
  73  9:53  Spore Crawler x2  
  73  9:57  Spore Crawler, Roach  
  73  9:58  Spore Crawler, Roach x3  
  73  9:59  Roach  
  51  10:30  Roach, Zergling x6  
  51  10:31  Zergling x20  
  64  10:38  Spore Crawler  
  64  10:39  Spore Crawler  
  62  10:43  Spore Crawler  
  62  10:45  Spore Crawler  
  53  10:57  Zergling x12  
  53  10:58  Zergling x2  
  57  11:15  Zergling x2, Roach  
  57  11:16  Roach x2, Zergling x6  
  67  11:31  Zergling x14  
  57  11:53  Roach  
  60  11:54  Zergling x10  
  60  12:06  Zergling x6  
  55  12:17  Zergling x2  
  55  12:18  Zergling x4  
  47  12:30  Metabolic Boost  
  47  12:36  Zergling x2  
  47  12:37  Zergling x10  
  43  13:11  Zergling x2  
  43  13:12  Zergling x28, Hydralisk Den  
  51  13:52  Zergling x2  
  51  13:53  Zergling x24  
  54  14:20  Hydralisk x3  
  54  14:21  Hydralisk x6  
  68  14:49  Hydralisk  
  68  14:50  Hydralisk x2  
  73  15:08  Zergling x10  
  73  15:09  Zergling x6  
  80  15:34  Drone x4  
  80  16:03  Zergling x4  
  80  16:04  Zergling x14  
  83  16:30  Zergling x12  
  89  16:37  Hydralisk  
  89  16:38  Hydralisk  
  81  17:09  Hatchery  
  80  17:21  Zergling x2  
  80  17:22  Zergling x6  
  71  17:44  Hydralisk  
  71  17:45  Hydralisk  
  67  17:52  Zergling x4  
  67  18:33  Hydralisk  
  69  18:34  Hydralisk x3  
  74  19:23  Hatchery  
  72  19:48  Muscular Augments  
  72  20:33  Hydralisk x2  
  73  20:58  Hydralisk  
  73  20:59  Hydralisk x2  
  79  21:09  Hydralisk x2  
  82  21:26  Hydralisk x2  
  82  21:27  Hydralisk  
  86  21:53  Hydralisk x4  
  94  22:04  Hydralisk  
  94  22:05  Hydralisk  
  86  22:58  Hydralisk x5  
  86  22:59  Hydralisk x5  
  106  23:16  Hydralisk  
  106  23:17  Hydralisk x2  
  112  23:32  Hydralisk x2  
  112  23:33  Hydralisk  
  112  24:19  Grooved Spines  
  112  24:22  Hydralisk  
  112  24:23  Hydralisk x2  
  118  24:36  Hydralisk x2  
  122  24:52  Hydralisk  
  122  24:53  Hydralisk  
  126  25:16  Drone  
  127  25:26  Spore Crawler, Evolution Chamber  
  127  25:27  Spore Crawler  
  127  25:28  Spore Crawler x2, Drone x2  
  124  25:35  Drone  
  124  25:42  Spore Crawler  
  121  26:22  Overlord x3  
  121  26:23  Overlord  
  121  26:40  Drone x6  
  127  26:47  Drone x2  
  101  27:16  Zergling x2  
  101  27:17  Zergling x12  
  72  27:27  Zergling x6  
  72  27:28  Zergling x2  
  72  27:51  Drone x6  
  78  28:16  Hatchery  
  76  28:25  Drone x6  
  81  28:41  Zergling x2  
  81  28:42  Zergling x8  
  86  28:54  Zergling x4  
  86  28:55  Zergling x4  
  87  29:37  Zergling x20  
  97  29:43  Hatchery  
  89  30:08  Drone  
  89  30:09  Drone x8  
  97  30:20  Drone  
  97  30:21  Drone x2  
  100  30:42  Zergling x20  
  90  31:01  Zergling x2  
  90  31:02  Zergling x10  
  96  31:14  Zerg Missile Weapons Level 1  
  96  31:25  Zergling x2  
  93  31:26  Zergling x4, Roach x4  
  93  31:27  Roach x5  
  63  31:47  Zergling x2  
  63  31:48  Roach x4  
  63  31:49  Roach x3  
  77  32:00  Drone x9  
  81  32:09  Roach  
  81  32:10  Roach x10  
  102  32:18  Roach x3  
  107  32:28  Spine Crawler  
  106  32:30  Spine Crawler  
  106  32:34  Roach  
  106  32:35  Roach x2  
  111  32:47  Roach x5  
  121  33:02  Zergling x2, Roach  
  121  33:03  Roach x4  
  132  33:10  Drone x4  
  136  33:21  Roach x5  
  146  33:40  Drone x2  
  147  33:42  Roach x2  
  147  33:43  Roach x5  
  150  34:15  Drone x8  
  150  34:16  Drone x4  
  155  34:24  Hatchery  
  146  34:42  Roach  
  146  34:43  Roach x7  
  139  34:58  Zergling x10  
  139  34:59  Zergling x2  
  115  35:13  Zergling x2  
  115  35:14  Zergling x6  
  118  35:31  Roach x2  
  118  35:33  Roach  
  123  35:46  Hatchery  
  123  35:48  Zergling x2  
  123  35:49  Zergling x14  
  127  35:58  Spire  
  120  36:14  Roach x2  
  120  36:15  Roach x6  
  131  36:30  Extractor  
  131  36:32  Extractor  
Show
View Real Time Build Order
Export as new Build Order

kent Zerg 

Build Orders: Hatch First 

Get SALT Encoding   

  12  0:01  Drone  
  13  0:08  Drone  
  14  0:33  Hatchery  
  13  0:37  Drone  
  14  0:52  Spawning Pool  
  14  0:55  Drone  
  14  1:02  Overlord  
  14  1:09  Extractor  
  14  1:10  Drone  
  14  1:21  Drone  
  14  1:22  Drone  
  16  1:28  Drone  
  17  1:38  Queen  
  19  1:46  Queen  
  21  1:51  Drone  
  23  1:54  Drone  
  23  1:57  Drone  
  24  2:02  Drone  
  24  2:08  Zergling x2  
  26  2:22  Drone x2  
  28  3:08  Roach Warren  
  28  3:11  Evolution Chamber  
  25  3:13  Spine Crawler  
  24  3:21  Overlord x3  
  26  3:48  Roach x2  
  26  3:49  Roach x6  
  26  3:50  Roach x4  
  48  4:05  Zerg Missile Weapons Level 1  
  48  4:10  Extractor  
  47  4:18  Drone x4  
  47  4:20  Overlord x2  
  51  4:39  Drone x6  
  57  4:48  Lair  
  57  4:49  Drone x2  
  57  4:50  Drone x2  
  53  5:33  Drone x4  
  53  5:34  Drone x4  
  45  5:52  Glial Reconstitution  
  45  6:00  Spine Crawler  
  45  6:01  Spine Crawler  
  45  6:02  Spine Crawler  
  42  6:23  Spire, Extractor  
  40  6:27  Extractor  
  40  6:31  Zergling x2  
  40  6:32  Zergling x2  
  41  6:36  Drone x6  
  41  6:37  Drone  
  48  6:44  Overseer  
  48  6:59  Zerg Missile Weapons Level 2  
  48  7:25  Hatchery  
  48  7:27  Overlord x4  
  48  7:28  Overlord x2  
  47  7:42  Zerg Flyer Weapons Level 1  
  47  7:43  Drone x2  
  47  7:44  Drone x6  
  54  8:12  Mutalisk x4  
  54  8:13  Mutalisk x4  
  67  8:57  Mutalisk x3  
  67  8:58  Mutalisk x3  
  67  8:59  Mutalisk  
  41  9:29  Spine Crawler x2  
  41  9:31  Spine Crawler  
  38  9:43  Mutalisk  
  36  9:48  Drone x4  
  36  9:49  Drone  
  37  9:55  Overseer  
  38  10:00  Drone  
  33  10:35  Drone  
  33  10:36  Drone x5  
  33  10:38  Queen  
  41  10:46  Spine Crawler  
  37  11:15  Drone  
  37  11:16  Drone x2  
  34  11:39  Spine Crawler  
  31  11:53  Hatchery  
  30  12:06  Drone x2  
  30  12:07  Drone  
  33  12:35  Drone x6  
  37  13:17  Drone x3, Spine Crawler  
  37  13:19  Queen  
  41  13:45  Drone x3  
  44  14:03  Spine Crawler  
  44  14:04  Spine Crawler  
  42  14:29  Drone x3  
  43  15:21  Drone x3  
  45  15:22  Spine Crawler x2  
  44  15:37  Spine Crawler  
  44  15:39  Spine Crawler  
  42  15:50  Drone  
  42  15:51  Drone  
  42  15:52  Spine Crawler  
  43  16:10  Drone  
  43  16:11  Drone x5  
  49  16:25  Drone  
  50  16:39  Spawning Pool  
  39  17:58  Lair  
  39  17:59  Drone  
  39  18:00  Drone x6  
  46  18:36  Drone x3  
  49  19:08  Spine Crawler, Queen  
  49  19:09  Spine Crawler  
  49  19:14  Spire  
  48  19:34  Hatchery  
  47  19:40  Infestation Pit  
  46  19:50  Drone x3  
  49  21:04  Infestor x2  
  49  21:05  Infestor, Spine Crawler  
  49  21:07  Spine Crawler  
  49  21:08  Mutalisk x2  
  49  21:09  Mutalisk x4  
  65  21:25  Drone x3  
  68  21:47  Drone x3  
  68  21:48  Drone x2  
  68  21:51  Queen, Spine Crawler  
  68  21:54  Spine Crawler  
  73  22:08  Drone  
  73  22:09  Drone x2  
  76  22:36  Overlord  
  68  23:44  Roach x6  
  68  23:45  Roach x4  
  86  24:20  Zerg Flyer Weapons Level 2  
  86  24:28  Drone x8  
  94  24:31  Extractor  
  94  24:34  Hatchery  
  92  24:44  Spine Crawler  
  92  24:45  Spine Crawler  
  90  24:46  Spine Crawler  
  90  24:47  Spine Crawler  
  88  24:55  Roach x4  
  97  25:31  Mutalisk x5, Hatchery  
  97  25:32  Mutalisk x3  
  92  26:29  Hive  
  92  26:31  Roach x6  
  104  26:45  Spine Crawler  
  103  26:50  Drone  
  104  26:57  Roach x3  
  104  26:58  Roach x2  
  60  27:26  Roach x6  
  72  27:36  Drone x3  
  75  27:40  Spine Crawler  
  74  27:47  Roach x2  
  78  28:02  Roach x6  
  90  28:16  Spine Crawler  
  90  28:17  Spine Crawler  
  87  28:28  Infestor  
  87  28:30  Roach  
  89  28:47  Roach  
  89  28:48  Roach  
  93  28:51  Extractor  
  86  29:03  Queen  
  86  29:08  Spine Crawler  
  89  29:10  Spine Crawler x2, Drone x3  
  89  29:14  Extractor  
  87  29:34  Roach  
  87  29:35  Roach x4  
  97  29:40  Extractor  
  96  29:47  Drone x2  
  96  29:48  Drone x5  
  103  29:59  Roach  
  105  30:06  Roach x2  
  97  30:22  Spine Crawler  
  97  30:23  Roach x5  
  97  30:24  Roach x4  
  97  30:25  Roach  
  112  31:04  Spine Crawler  
  112  31:05  Spine Crawler x2  
  112  31:07  Greater Spire  
  97  31:54  Corruptor x5  
  97  31:56  Drone  
  97  31:57  Drone x3  
  111  32:06  Drone  
  111  32:07  Drone x2  
  114  32:31  Overlord x2  
  114  32:32  Drone  
  114  32:33  Drone x3  
  114  32:34  Drone  
  119  33:35  Zerg Melee Weapons Level 1  
  119  33:38  Zerg Flyer Weapons Level 3  
  119  33:49  Brood Lord x5  
  127  33:57  Infestor x3  
  125  34:37  Infestor x2  
  70  35:10  Corruptor x4  
  70  35:11  Corruptor x2  
  65  35:36  Spine Crawler  
  65  35:37  Spine Crawler  
  65  35:41  Spine Crawler  
  44  36:03  Drone x3  
Tags
 
Add a new tag
Caveats
  • Supply blocks, unpowered buildings, or Contaminate may cause inaccurate times.
  • Supply counts are checked every 10 seconds.